 Dungeon Crawl Stone Soup version 0.31-a0-259-g771a54ca4b (webtiles) character file.

Game seed: 5846501521390828286

42 qw the Shooter (level 3, 0/29 HPs)
             Began as a Minotaur Hexslinger on July 13, 2023.
             Succumbed to an adder's poison
             ... on level 1 of the Dungeon.
             The game lasted 00:00:26 (1127 turns).

qw the Shooter (Minotaur Hexslinger)                Turns: 1127, Time: 00:00:27

Health: 0/29       AC:  5    Str: 12    XL:     3   Next: 35%
Magic:  3/3        EV: 11    Int: 10    God:
Gold:   61         SH:  0    Dex: 14    Spells: 3/4 levels left

rFire   . . .        Y - +1 sling
rCold   . . .        (no shield)
rNeg    . . .        e - +0 ring mail
rPois   .            (helmet restricted)
rElec   .            (no cloak)
rCorr   .            (no gloves)
SInv    .            (no boots)
Will    .....        (no amulet)
Stlth   +            (no ring)
HPRegen 0.24/turn    (no ring)
MPRegen 0.08/turn

%: no passive effects
@: lethally poisoned (0 -> -1)
A: horns 2, retaliatory headbutt
a: no special abilities


You were on level 1 of the Dungeon.
You visited 1 branch of the dungeon, and saw 2 of its levels.

You collected 61 gold pieces.


Innate Abilities, Weirdness & Mutations

You have a pair of horns on your head.
You reflexively headbutt those who attack you in melee.


   Skills:
 - Level 2.0 Fighting
 + Level 3.9 Ranged Weapons
 - Level 2.1 Dodging
 - Level 1.0 Spellcasting
 - Level 2.0 Hexes


You had 3 spell levels left.
You knew the following spells:

 Your Spells              Type           Power      Damage    Failure   Level
a - Slow                  Hex            16%        N/A       34%         1

Your spell library contained the following spells:

 Spells                   Type           Power      Damage    Failure   Level
 Inner Flame              Hex/Fire       2%         N/A       83%         3
 Portal Projectile        Hex/Tloc       4%         N/A       83%         3
 Cause Fear               Hex            2%         N/A       98%         4

Inventory:

Hand Weapons
 Y - a +1 sling (weapon)
Armour
 e - a +0 ring mail (worn)

Dungeon Overview and Level Annotations

Branches:
Dungeon (2/15)

Altars:
Xom

Annotations:
D:2 Jessica


Message History

The adder bites you but does no damage.
You shoot a sling bullet. The sling bullet hits the adder.
The adder is moderately wounded.
You feel sick. The adder bites you.
You are more poisoned.
The adder poisons you! The adder misses you.
You shoot a sling bullet. The sling bullet hits the adder.
The adder is severely wounded.
You feel very sick. The adder bites you but does no damage.
You shoot a sling bullet. The sling bullet misses the adder.
You feel sick. The adder bites you but does no damage. The adder bites you.
You are lethally poisoned!
The adder poisons you!
You shoot a sling bullet.
The sling bullet closely misses the adder.
You feel very sick. The adder completely misses you.
The adder bites you but does no damage.
You shoot a sling bullet.
The sling bullet hits the adder but does no damage.
The adder is severely wounded.
You feel very sick. The adder bites you but does no damage.
The adder barely misses you.
You shoot a sling bullet. The sling bullet misses the adder.
You feel sick. The adder closely misses you.
You shoot a sling bullet. The sling bullet hits the adder.
The adder is severely wounded.
You feel sick. The adder barely misses you. You furiously retaliate!
You headbutt the adder, but do no damage.
The adder barely misses you. You furiously retaliate!
You headbutt the adder, but do no damage.
You shoot a sling bullet.
The sling bullet barely misses the adder.
You feel sick. The adder barely misses you.
The adder bites you but does no damage.
You shoot a sling bullet. The sling bullet hits the adder.
You kill the adder!
You feel sick.
There is a lethal amount of poison in your body!
You die...

............#####....#
###########.#...)#.#.#
..¤¤¤¤¤¤¤¤#.#......#.#
#########¤#.#..#.###.############
# #¤#.#..#.# #.#........... #
#.#.#..#.# #.##.######### #
#.#.#..#.# #.##.#
###########.#..#.# #.##.#
..........#.#..#@###.##.#
#########.#.#......#.##.#
#########.#....#.#.#.##.#########
..........#...[#.#.#............>
########..#....#.#.####.#########
..........#....#.#.####.###.#8#.#
....##....#....#.#......#8#+#.#+#
....#.....#....#.######.'........
....#.....#....#.#### #.'........


There were no monsters in sight!

Vanquished Creatures
  An adder (D:1)
  A dart slug (D:1)
  A ball python (D:1)
  3 endoplasms (D:1)
  3 giant cockroaches (D:1)
  3 goblins (D:1)
  3 hobgoblins (D:1)
  2 jackals (D:1)
  4 quokkas (D:1)
  A bat (D:1)
  2 frilled lizards (D:1)
  A kobold (D:1)
  2 rats (D:1)
27 creatures vanquished.

Notes
Turn   | Place    | Note
-------+----------+-------------------------------------------
     0 | D:1      | qw the Minotaur Hexslinger began the quest for the Orb.
     0 | D:1      | Reached XP level 1. HP: 16/16 MP: 1/1
     0 | D:1      | 0 ||| qw: Version: 0.3-a-52-g30416fa
     0 | D:1      | 0 ||| qw: Game counter: 6917
     0 | D:1      | 0 ||| qw: Melee chars always use a shield: true
     0 | D:1      | 0 ||| qw: God list: Okawaru
     0 | D:1      | 0 ||| qw: Allow faded altars: false
     0 | D:1      | 0 ||| qw: Do Orc after clearing Dungeon:15 true
     0 | D:1      | 0 ||| qw: Do second Lair branch before Depths: true
     0 | D:1      | 0 ||| qw: Lair rune preference: random
     0 | D:1      | 0 ||| qw: Goals: Normal
     0 | D:1      | 0 ||| PLANNING D:1-11
   163 | D:1      | HP: 4/16 [endoplasm (1)]
   221 | D:1      | Reached skill level 3 in Ranged Weapons
   226 | D:1      | Reached XP level 2. HP: 23/23 MP: 2/2
   632 | D:1      | Found a faded altar of an unknown god.
   771 | D:1      | Reached XP level 3. HP: 29/29 MP: 3/3
  1033 | D:1      | 1033 ||| UPGRADING to +0 ring mail.
  1043 | D:1      | 1043 ||| DROPPING +0 robe.
  1044 | D:1      | 1044 ||| READING scroll labelled LORALO RUOXUIPEIR.
  1045 | D:1      | 1045 ||| READING scroll labelled EMOSOBR USITHI.
  1046 | D:1      | 1046 ||| DROPPING scroll of poison.
  1087 | D:2      | Noticed Jessica
  1087 | D:2      | Found a shimmering altar of Xom.
  1092 | D:2      | 1092 ||| STAIRDANCE
  1094 | D:1      | 1094 ||| FLEEEEING.
  1095 | D:1      | 1095 ||| FLEEEEING.
  1096 | D:1      | 1096 ||| FLEEEEING.
  1097 | D:1      | 1097 ||| FLEEEEING.
  1098 | D:1      | 1098 ||| FLEEEEING.
  1099 | D:1      | 1099 ||| FLEEEEING.
  1100 | D:1      | 1100 ||| FLEEEEING.
  1101 | D:1      | 1101 ||| FLEEEEING.
  1102 | D:1      | 1102 ||| FLEEEEING.
  1103 | D:1      | 1103 ||| FLEEEEING.
  1104 | D:1      | 1104 ||| FLEEEEING.
  1105 | D:1      | 1105 ||| FLEEEEING.
  1106 | D:1      | 1106 ||| FLEEEEING.
  1107 | D:1      | 1107 ||| FLEEEEING.
  1108 | D:1      | 1108 ||| FLEEEEING.
  1109 | D:1      | 1109 ||| FLEEEEING.
  1122 | D:1      | HP: 6/29 [poisoned by an adder]
  1125 | D:1      | HP: 2/29 [poisoned by an adder]
  1127 | D:1      | Succumbed to an adder's poison

Levels and vault maps discovered:
D:1:      wander_arrival_abandoned_jail, layout_basic,
          ebering_ecumenical_altar_abandoned
D:2:      layout_rooms, serial_shops, shop, basic_altar, uniq_jessica

Skill      XL: |  1  2 |
---------------+-------+-----
Ranged Weapons | 3 |  3.9
Fighting       | 2 |  2.0
Dodging        | |  2.1
Spellcasting   | |  1.0
Hexes          | |  2.0

Action                     || total
---------------------------++-------
   Fire: Sling             ||   108
    Use: Scroll            ||     2
 Armour: Robe              ||     4
         Ring mail         ||     7
         Skin              ||     2
  Dodge: Dodged            ||    48

Table legend:
 A = Non-vault XP
 B = Vault XP
 C = Vault XP percentage of total XP
 D = Non-vault monster count
 E = Vault monster count
 F = Vault count percentage of total count
                 A         B        C        D         E       F
            +---------+---------+-------+---------+---------+-------
      Total |      61 |       0 |   0.0 |      27 |       0 |   0.0
            +---------+---------+-------+---------+---------+-------
        D:1 |      61 |       0 |   0.0 |      27 |       0 |   0.0
            +---------+---------+-------+---------+---------+-------
